 Dungeon Sprint DCSS version 0.21-a0-404-g291f19a (webtiles) character file.

1703 Kidiri the Fighter (level 8, -6/71 HPs)
             Began as a Demonspawn Gladiator on Oct 26, 2017.
             Was an Elder of Wu Jian.
             Mangled by a merfolk
             ... wielding a +0 spear
              (18 damage)
             ... in the Dungeon (Sprint VII: "The Pits").
             The game lasted 00:08:32 (1620 turns).

Kidiri the Fighter (Demonspawn Gladiator)           Turns: 1620, Time: 00:08:33

Health: -6/71      AC:  7    Str: 15    XL:     8   Next: 73%
Magic:  8/8        EV: 18    Int: 10    God:    Wu Jian [****..]
Gold:   0          SH:  0    Dex: 16    Spells: 7/7 levels left

rFire    . . .     SeeInvis .   a - +2 long sword (flame)
rCold    . . .     Gourm    .   (no shield)
rNeg     . . .     Faith    .   b - +0 leather armour
rPois    .         Spirit   .   c - +0 helmet
rElec    .         Reflect  .   (no cloak)
rCorr    .         Harm     .   (no gloves)
MR       .....     NoTele   +   (no boots)
Stlth    +++.......             (no amulet)
HPRegen  0.21/turn              (no ring)
MPRegen  0.11/turn              (no ring)

@: no status effects
A: talons 2, iridescent scales 1, spiny 1
a: Serpent's Lash, Renounce Religion


You were in the Dungeon.
You worshipped Wu Jian.
Wu Jian was greatly pleased with you.
You were very full.

You visited 1 branch

Inventory:

Hand Weapons
 a - a +2 long sword of flaming (weapon)
Missiles
 r - 10 stones (quivered)
 u - 5 tomahawks
Armour
 b - a +0 leather armour (worn)
 c - a +0 helmet (worn)
Wands
 d - a wand of random effects (19/48)
Scrolls
 k - a scroll of blinking
 m - 3 scrolls of remove curse
 n - 5 scrolls of amnesia
 o - a scroll of summoning
Potions
 e - 6 potions of curing
 g - 3 potions of heal wounds
 h - a potion of haste
 i - 4 potions of magic
 j - 3 potions of berserk rage
 l - 2 potions of invisibility
Comestibles
 f - 8 bread rations
 p - 30 fruits
 q - 7 meat rations


   Skills:
 * Level 9.5 Fighting
 * Level 9.0 Long Blades
 + Level 6.2 Throwing
 + Level 5.9 Armour
 * Level 9.0 Dodging
 + Level 6.4 Stealth


You had 7 spell levels left.
You didn't know any spells.

Dungeon Overview and Level Annotations

Branches:
Dungeon (1/1)

Altars:
Ashenzari
Cheibriados
Dithmenos
Elyvilon
Fedhas
Gozag
Hepliaklqana
Kikubaaqudgha
Makhleb
Nemelex Xobeh
Okawaru
Qazlal
Ru
Sif Muna
Trog
Uskayaw
Vehumet
Wu Jian
Xom
Yredelemnul
Zin
The Shining One
Beogh
Jiyva
Lugonu

Annotations:
D exclusions: 6 doors and 6 more exclusions, Prince Ribbit


Innate Abilities, Weirdness & Mutations

You have razor-sharp toenails.
You are partially covered in iridescent scales. (AC +2)
You are partially covered in sharp spines.


Message History

You claw the merfolk.
The merfolk is severely wounded.
You attack the iguana from above.
You barely miss the iguana.
The iguana is severely wounded.
The merfolk is struck by your spines.
The merfolk hits you but does no damage.
The iguana is struck by your spines. The iguana closely misses you.
You riposte.
You hit the iguana but do no damage.
The iguana is almost dead.
You see here a large rock.
You spin and attack the iguana.
You closely miss the iguana. You claw the iguana, but do no damage.
The iguana is almost dead.
You spin and attack the merfolk repeatedly.
You barely miss the merfolk.
The merfolk is almost dead.
You closely miss the merfolk.
The merfolk is almost dead.
The merfolk hits you with a spear!!
You die...

############ #_________.#
#_________.#
#_______...###########++######
##########+##................#
#.?|.+)))+.##......#..#......#
##########.##§...............+
#.).)).))...§(@.).(..........+
#'#####'#####ml.)..#..#......#
#.#.....#..##................#
#m#.....#))#####'#####++######
#.###+###))##.......#
#.#.....#))##.......#
#.#.....#[[##.......#
#.####+##+###...<...#
#.#........##.......#


You could see a merfolk and an iguana.

Vanquished Creatures
  A cyclops (D)
  A komodo dragon (D)
  2 merfolk (D)
  Edmund (D)
  Duvessa (D)
  2 ogres (D)
  A wolf (D)
  Dowan (D)
  An iron imp (D)
  Ijyb (D)
  A worker ant (D)
  A gnoll (D)
  2 ufetubi (D)
  An ooze (D)
  An orc (D)
  A goblin (D)
  5 jackals (D)
  2 frilled lizards (D)
  A kobold (D)
27 creatures vanquished.

Notes
Turn   | Place    | Note
-------+----------+-------------------------------------------
     0 | D        | Kidiri the Demonspawn Gladiator began the quest for the Orb.
     0 | D        | Reached XP level 1. HP: 16/16 MP: 1/1
    48 | D        | Found a bloodstained altar of Trog.
    48 | D        | Found a deep blue altar of Sif Muna.
    48 | D        | Found a viscous altar of Jiyva.
    48 | D        | Found a hazy altar of Hepliaklqana.
    48 | D        | Found an opulent altar of Gozag.
    49 | D        | Found a glowing golden altar of the Shining One.
    49 | D        | Found a glowing silver altar of Zin.
    49 | D        | Found a basalt altar of Yredelemnul.
    49 | D        | Found a shimmering altar of Xom.
    49 | D        | Found an ornate altar of the Wu Jian Council.
    49 | D        | Found a sacrificial altar of Ru.
    49 | D        | Found a stormy altar of Qazlal.
    49 | D        | Found an iron altar of Okawaru.
    49 | D        | Found a sparkling altar of Nemelex Xobeh.
    49 | D        | Found a burning altar of Makhleb.
    49 | D        | Found a blossoming altar of Fedhas.
    49 | D        | Found a white marble altar of Elyvilon.
    49 | D        | Found a shadowy altar of Dithmenos.
    49 | D        | Found a snail-covered altar of Cheibriados.
    51 | D        | Found a radiant altar of Vehumet.
    51 | D        | Found a corrupted altar of Lugonu.
    51 | D        | Found a roughly hewn altar of Beogh.
    52 | D        | Found a hide-covered altar of Uskayaw.
    52 | D        | Found an ancient bone altar of Kikubaaqudgha.
    52 | D        | Found a shattered altar of Ashenzari.
    58 | D        | Became a worshipper of the Wu Jian Council
    90 | D        | Gained mutation: You are partially covered in sharp spines. [demonic ancestry]
    90 | D        | Reached XP level 2. HP: 6/23 MP: 2/2
   326 | D        | Reached * piety under Wu Jian
   326 | D        | Reached skill level 1 in Armour
   326 | D        | Reached skill level 1 in Stealth
   355 | D        | Reached ** piety under Wu Jian
   368 | D        | Noticed an ogre
   386 | D        | Killed an ogre
   386 | D        | Gained mutation: You are partially covered in iridescent scales. (AC +2) [demonic ancestry]
   386 | D        | Reached XP level 3. HP: 29/31 MP: 3/3
   386 | D        | Reached XP level 4. HP: 36/38 MP: 4/4
   395 | D        | Reached *** piety under Wu Jian
   395 | D        | Reached skill level 5 in Long Blades
   534 | D        | Noticed Duvessa
   536 | D        | Noticed Dowan
   536 | D        | Noticed an ogre
   551 | D        | Killed Duvessa
   551 | D        | Reached skill level 5 in Fighting
   551 | D        | Reached skill level 5 in Dodging
   551 | D        | Reached XP level 5. HP: 41/46 MP: 5/5
   557 | D        | Killed an ogre
   557 | D        | Reached XP level 6. HP: 48/53 MP: 6/6
   560 | D        | Reached **** piety under Wu Jian
   571 | D        | Killed Dowan
   682 | D        | Noticed a komodo dragon
   683 | D        | Killed a komodo dragon
   683 | D        | Reached skill level 5 in Throwing
   683 | D        | Reached skill level 5 in Stealth
   683 | D        | Gained mutation: You have sharp toenails. [demonic ancestry]
   683 | D        | Reached XP level 7. HP: 61/61 MP: 7/7
   785 | D        | Noticed Prince Ribbit
   785 | D        | Noticed Edmund
   785 | D        | Noticed Ijyb
   790 | D        | Killed Ijyb
   816 | D        | Killed Edmund
   818 | D        | Reached skill level 5 in Armour
   992 | D        | Noticed a cyclops
   992 | D        | Noticed a merfolk impaler
   992 | D        | Noticed a merfolk
   992 | D        | Noticed a merfolk
   992 | D        | Noticed a merfolk
  1045 | D        | HP: 3/63 [merfolk/trident (14)]
  1134 | D        | Killed a merfolk
  1134 | D        | Gained mutation: You have razor-sharp toenails. [demonic ancestry]
  1134 | D        | Reached XP level 8. HP: 24/69 MP: 8/8
  1142 | D        | Killed a merfolk
  1495 | D        | Killed a cyclops
  1620 | D        | Mangled by a merfolk

Vault maps used:
D:        pitsprint

Skill      XL: |  1  2  3  4  5  6  7  8 |
---------------+-------------------------+-----
Long Blades    | 3 4 5 6 7 8 9 |  9.0
Throwing       | 2 3 4 5 6 |  6.2
Dodging        | 3 4 5 6 7 8 9 |  9.0
Armour         | 2 3 4 5 |  5.9
Stealth        | 2 3 4 5 6 |  6.4
Fighting       | 4 5 6 7 8 9 |  9.5

Action                   |  1- 3 |  4- 6 |  7- 9 || total
-------------------------+-------+-------+-------++-------
Melee: Falchion          |    25 |     6 |       ||    31
       Long sword        |     2 |    23 |    67 ||    92
       Kick              |       |       |    24 ||    24
Throw: Throwing net      |     2 |     1 |       ||     3
       Tomahawk          |       |     3 |     4 ||     7
Invok: Serpent's Lash    |       |     2 |     5 ||     7
  Use: Potion            |       |       |     3 ||     3
 Stab: Sleeping          |     2 |     1 |       ||     3
       Held in net/web   |     1 |     2 |       ||     3
  Eat: Fruit             |       |       |    10 ||    10
       Chunk             |       |       |     1 ||     1
Armor: Leather armour    |     5 |     3 |    10 ||    18
Dodge: Dodged            |    17 |    14 |    40 ||    71
       Rpst.: Falchion   |     6 |       |       ||     6
       Long sword        |       |     3 |    12 ||    15

Table legend:
 A = Spawn XP
 B = Non-spawn XP
 C = Spawn XP percentage of total XP
 D = Spawn monster count
 E = Non-spawn monster count
 F = Spawn count percentage of total count
 G = Total turns spent on level
                    A         B        C        D         E        F      G
               +---------+---------+-------+---------+---------+-------+---------
         Total |       0 |    2433 |   0.0 |       0 |      27 |   0.0 |  1620
               +---------+---------+-------+---------+---------+-------+---------
             D |       0 |    2433 |   0.0 |       0 |      27 |   0.0 |  1620
               +---------+---------+-------+---------+---------+-------+---------
